 Dungeon Crawl Stone Soup version 0.19.4-9-g45fd643 (webtiles) character file.

135 vatarom the Shield-Bearer (level 5, -2/41 HPs)
             Began as a Formicid Fighter on Feb 21, 2017.
             Slain by StylePro's ghost (4 damage)
             ... on level 3 of the Dungeon.
             The game lasted 00:08:38 (2318 turns).

vatarom the Shield-Bearer (Formicid Fighter)        Turns: 2318, Time: 00:08:38

Health: -2/41      AC:  7    Str: 20    XL:     5   Next: 42%
Magic:  5/5        EV:  6    Int:  8    God:
Gold:   146        SH:  7    Dex: 11    Spells: 0 memorised, 4 levels left

rFire  . . .     SeeInvis +     a - +0 long sword
rCold  . . .     Gourm    .     b - +0 scale mail
rNeg   . . .     Faith    .     c - +0 shield
rPois  .         Spirit   .     (helmet unavailable)
rElec  .         Reflect  .     (no cloak)
rCorr  .         Harm     .     (no gloves)
MR     .....                    h - +0 pair of boots
Stlth  ..........               (no amulet)
                                (no ring)
                                (no ring)

@: very heavily drained
A: permanent stasis, dig shafts and tunnels, four strong arms, antennae 3
a: Dig, Shaft Self


You were on level 3 of the Dungeon.
You were not hungry.

You visited 1 branch of the dungeon, and saw 3 of its levels.

You collected 146 gold pieces.

Inventory:

Hand Weapons
 a - a +0 long sword (weapon)
Armour
 b - a +0 scale mail (worn)
 c - a +0 shield (worn)
 h - a +0 pair of boots (worn)
Scrolls
 l - a scroll of identify
Potions
 e - 2 potions of curing
 j - 3 potions of lignification
 k - a potion of agility {unknown}
Comestibles
 f - 2 bread rations
 i - 4 meat rations
 m - a slice of pizza


   Skills:
 - Level 3.2(0.0) Fighting
 + Level 3.8(0.0) Long Blades
 - Level 3.2(0.0) Armour
 - Level 2.1(0.0) Dodging
 - Level 4.5(0.0) Shields


You had 4 spell levels left.
You didn't know any spells.

Dungeon Overview and Level Annotations

Branches:
Dungeon (3/15)

Altars:

Annotations:
D:3 StylePro's ghost, amateur SpEn


Innate Abilities, Weirdness & Mutations

You are under a permanent stasis effect.
You can dig through walls and to a lower floor.
Your four strong arms can wield two-handed weapons with a shield.
You have a pair of large antennae on your head. (SInv)


Message History

StylePro's ghost hits you but does no damage.
You feel drained. StylePro's ghost hits you.
* * * LOW HITPOINT WARNING * * *
You feel drained.
StylePro's ghost hits you but does no damage.
You feel drained.
You feel less confused. StylePro's ghost closely misses you.
Unknown command.
Unknown command.
There are no items here.
Unknown command.
StylePro's ghost points at you and mumbles some strange words.
You resist with some effort.
StylePro's ghost gestures at you while chanting.
You resist with some effort. You block StylePro's ghost's attack.
StylePro's ghost hits you.
You die...

# #########
........#
####.##.######
####.[.........
.........######
...#..#.######
...#.##...(..#####
...............W@#
.....#############
(...## o.....#
.........
....#####.. #....
..... ..#..


You could see StylePro's ghost.

Vanquished Creatures
  6 adders
  A worm (D:2)
  3 dart slugs
  A leopard gecko (D:2)
  An orc (D:3)
  5 bats
  3 giant cockroaches
  8 goblins
  11 hobgoblins
  9 jackals
  8 kobolds
  3 quokkas
  A ball python (D:2)
  A frilled lizard (D:1)
  5 rats
66 creatures vanquished.

Notes
Turn   | Place    | Note
-------+----------+-------------------------------------------
     0 | D:1      | vatarom the Formicid Fighter began the quest for the Orb.
     0 | D:1      | Reached XP level 1. HP: 18/18 MP: 1/1
    19 | D:1      | Reached skill level 1 in Dodging
    62 | D:1      | Reached XP level 2. HP: 22/24 MP: 2/2
   487 | D:1      | Reached XP level 3. HP: 18/29 MP: 3/3
   825 | D:1      | Reached skill level 4 in Shields
  1003 | D:2      | Reached XP level 4. HP: 35/35 MP: 4/4
  1659 | D:2      | Reached XP level 5. HP: 33/41 MP: 5/5
  2188 | D:3      | Noticed StylePro's ghost (amateur SpEn)
  2303 | D:3      | HP: 2/41 [StylePro's ghost (1)]
  2312 | D:3      | HP: 1/41 [StylePro's ghost (1)]
  2318 | D:3      | Slain by StylePro's ghost

Skill      XL: |  1  2  3  4 |
---------------+-------------+-----
Dodging        | 1 2 |  2.1
Shields        | 4 |  4.5
Long Blades    | 3 |  3.8
Fighting       | |  3.2
Armour         | |  3.2

Action                   |  1- 3 |  4- 6 || total
-------------------------+-------+-------++-------
Melee: Long sword        |    86 |   184 ||   270
 Abil: Dig               |     3 |     4 ||     7
  Use: Potion            |     3 |     3 ||     6
       Scroll            |     1 |     3 ||     4
  Eat: Chunk             |     1 |     1 ||     2
       Bread ration      |       |     1 ||     1
Armor: Scale mail        |    39 |   101 ||   140
       Skin              |       |    19 ||    19
Dodge: Dodged            |    41 |    87 ||   128
Block: Shield            |    59 |    81 ||   140
       Rpst.: Long sword |    14 |    23 ||    37
